[Event "Titled Tuesday Blitz May 16 Early 2023"]
[White "Rodchenkov, Sergey D."]
[Black "Balint, Vilmos"]
[WhiteFideId "4168712"]
[BlackFideId "718050"]
[WhiteElo "2277"]
[BlackElo "2034"]
[Result "1/2-1/2"]
[Round "08"]
[TimeControl "180+2"]
[Date "2023.05.16"]
[WhiteClock "0:00:07"]
[BlackClock "0:00:06"]

1. e4 e5 2. Nf3 Nc6 3. Bc4 Nf6 4. d3 Bc5 5. O-O d6 6. c3 h6 7. Nbd2 a6 8. Bb3 Ba7 9. Nc4 Ne7 10. Be3 b5 11. Bxa7 bxc4 12. Ba4+ Bd7 13. Be3 cxd3 14. Bxd7+ Qxd7 15. Qxd3 Qb5 16. c4 Qc6 17. Nd2 O-O 18. h3 Rfb8 19. b3 a5 20. f3 a4 21. Kh2 Qd7 22. Rfd1 Qe6 23. Rab1 axb3 24. axb3 Ra2 25. Ra1 Rba8 26. Qc3 Nh5 27. Rxa2 Rxa2 28. Ra1 Rxa1 29. Qxa1 Qg6 30. Nf1 f5 31. Qa8+ Kh7 32. Qd8 Ng8 33. exf5 Qxf5 34. Qxc7 Qd3 35. Kg1 Ngf6 36. b4 Ng3 37. Nxg3 Qxe3+ 38. Kh2 Qf4 39. Qd7 Kh8 40. Qxd6 Nh5 41. Qd8+ Kh7 42. Qd3+ Kh8 43. Qg6 Nxg3 44. Qxg3 Qxc4 45. Qg4 Qc7 46. Qe4 Kg8 47. h4 h5 48. Kg3 Kf7 49. Kf2 Qb6+ 50. Ke2 Qg1 51. Qf5+ Kg8 52. Qc8+ Kh7 53. Qf5+ Kg8 54. Qg6 Qd4 55. Qe8+ Kh7 56. Qxh5+ Kg8 57. Qg4 Qb2+ 58. Kf1 Qc1+ 59. Kf2 Qd2+ 60. Kg1 Qd6 61. g3 Qd1+ 62. Kh2 Qe2+ 63. Kh1 Qf1+ 64. Kh2 Qf2+ 65. Kh3 Qf1+ 66. Kh2 Qf2+ 67. Kh1 Qf1+ 68. Kh2 1/2-1/2


[Site "https://www.chess.com"]

[Event "Titled Tuesday Blitz May 16 Early 2023"]
[White "Petrova, Irina"]
[Black "Smietanska, Wiktoria"]
[WhiteFideId "14124122"]
[BlackFideId "21869359"]
[WhiteElo "2084"]
[BlackElo "1995"]
[Result "1-0"]
[Round "08"]
[TimeControl "180+2"]
[Date "2023.05.16"]
[WhiteClock "0:01:45"]
[BlackClock "0:01:26"]

1. e4 c5 2. Nf3 d6 3. Bb5+ Nd7 4. O-O Nf6 5. Re1 a6 6. Bf1 g6 7. c3 Bg7 8. d4 O-O 9. a4 Qa5 10. Nbd2 Rd8 11. Nc4 Qc7 12. d5 Rb8 13. a5 Ng4 14. Bf4 Nge5 15. Nfxe5 Nxe5 16. Nxe5 dxe5 17. Be3 f5 18. f3 f4 19. Bf2 g5 20. b4 cxb4 21. Bb6 Qd7 22. Bxd8 Qxd8 23. cxb4 g4 24. fxg4 Qd6 25. Rb1 Qg6 26. h3 Bf6 27. Qc2 Bh4 28. Rec1 h5 29. gxh5 Qxh5 30. Qc7 Ra8 31. Qd8+ Kh7 32. Rxc8 Rxc8 33. Qxc8 f3 34. Qf5+ Qxf5 35. exf5 f2+ 36. Kh1 e4 37. Rb3 1-0


[Site "https://www.chess.com"]

[Event "Titled Tuesday Blitz May 16 Early 2023"]
[White "Gutkin, Ilya"]
[Black "Flis, Pawel"]
[WhiteFideId "16203470"]
[BlackFideId "1112864"]
[WhiteElo "2265"]
[BlackElo "1822"]
[Result "1-0"]
[Round "08"]
[TimeControl "180+2"]
[Date "2023.05.16"]
[WhiteClock "0:00:37"]
[BlackClock "0:00:03"]

1. e4 c5 2. Nf3 d6 3. Bb5+ Bd7 4. Qe2 Nf6 5. Bxd7+ Qxd7 6. e5 Nd5 7. exd6 Qxd6 8. d3 e6 9. O-O Be7 10. Nbd2 O-O 11. Nc4 Qc7 12. a4 Nc6 13. Nfe5 Nd4 14. Qd1 Bf6 15. Nf3 Nf4 16. Nxd4 cxd4 17. Bxf4 Qxf4 18. Qf3 Qxf3 19. gxf3 Rac8 20. Ra3 b6 21. Rb3 Rc5 22. Rb5 Rfc8 23. Ra1 Rg5+ 24. Kf1 Rf5 25. Rxf5 exf5 26. Ra3 Kf8 27. Rb3 Rc5 28. Rb5 g5 29. Rxc5 bxc5 30. Ke2 Ke8 31. Nd6+ Kd7 32. Nxf5 Kc6 33. h3 Bd8 34. f4 gxf4 35. Kf3 Bc7 36. Ke4 Kb6 37. Nh6 f6 38. Ng4 Ka5 39. Nxf6 Kxa4 40. Nd5 Bd6 41. Nxf4 Kb4 42. Nd5+ Kb5 43. f4 a5 44. f5 a4 45. f6 c4 46. dxc4+ Kxc4 47. f7 Kc5 48. Nf6 Bf8 49. Nxh7 Bg7 50. f8=Q+ Bxf8 51. Nxf8 Kc4 52. Ne6 a3 53. bxa3 Kc3 54. Nxd4 Kb2 55. h4 Kxa3 56. h5 1-0


[Site "https://www.chess.com"]

[Event "Titled Tuesday Blitz May 16 Early 2023"]
[White "Filgueira, Hernan"]
[Black "ritanovikova"]
[WhiteFideId "101770"]
[WhiteElo "2363"]
[BlackElo "2135"]
[Result "1-0"]
[Round "08"]
[TimeControl "180+2"]
[Date "2023.05.16"]
[WhiteClock "0:01:08"]
[BlackClock "0:00:07"]

1. c4 c5 2. Nf3 Nc6 3. Nc3 d6 4. g3 g6 5. Bg2 Bg7 6. O-O Nf6 7. d4 O-O 8. d5 Nb8 9. e4 Nbd7 10. h3 Ne8 11. Re1 Ne5 12. Nxe5 Bxe5 13. Qd3 Nc7 14. Bh6 Re8 15. Kh2 e6 16. f4 Bd4 17. dxe6 Nxe6 18. Rad1 Qf6 19. Nd5 Qh8 20. b3 Rb8 21. f5 Nf8 22. Rf1 Nd7 23. Rf4 Be5 24. Qf1 Bxf4 25. Bxf4 Ne5 26. Bg5 Nd7 27. fxg6 hxg6 28. Ne7+ Kg7 29. Rxd6 Qh5 30. h4 Qg4 31. Bh3 Qxe4 32. Rxd7 Bxd7 33. Qf6+ Kh7 34. Qxf7+ Kh8 35. Bf6# 1-0


[Site "https://www.chess.com"]

[Event "Titled Tuesday Blitz May 16 Early 2023"]
[White "Zaichenko, Daria"]
[Black "Hajiyev, Kanan"]
[WhiteFideId "4197453"]
[BlackFideId "13404148"]
[WhiteElo "2039"]
[BlackElo "2103"]
[Result "0-1"]
[Round "08"]
[TimeControl "180+2"]
[Date "2023.05.16"]
[WhiteClock "0:00:00"]
[BlackClock "0:01:04"]

1. e4 c6 2. d4 d5 3. Nc3 a6 4. f4 dxe4 5. Nxe4 Nf6 6. Nxf6+ exf6 7. Nf3 Bg4 8. c3 Bd6 9. Bd3 Qe7+ 10. Qe2 Bxf3 11. gxf3 O-O 12. Qxe7 Bxe7 13. Kf2 Nd7 14. h4 h5 15. Be3 Rfe8 16. Rag1 Rad8 17. Rg2 Nc5 18. Bc2 g6 19. dxc5 Bf8 20. Rd1 Kh7 21. Rxd8 Rxd8 22. Rg1 f5 23. Rd1 Re8 24. Rd7 Re7 25. Rxe7 Bxe7 26. Kg3 Kg7 27. Bd4+ Kf8 28. b4 Ke8 29. Bb3 Bf8 30. Bf6 Bh6 31. a4 Bf8 32. Kf2 Bh6 33. Ke3 Bf8 34. a5 Bh6 35. Kd4 Bxf4 36. c4 Kd7 37. b5 Ke6 38. Bd8 Be5+ 39. Kd3 Kd7 40. Bg5 Ke6 41. bxc6 bxc6 42. Ba4 Kd7 43. Bd2 Bg3 44. Bg5 Be1 45. Kd4 Bxa5 46. Bf6 Be1 47. Kd3 Bf2 48. Kc3 Bxc5 49. Bd4 Be7 50. Bf2 a5 51. c5 Bf6+ 52. Kc4 Be7 53. Kd4 Bd8 54. Ke5 Be7 55. f4 Bd8 56. Kd4 Bf6+ 57. Kc4 Bg7 58. Bb3 Bf6 59. Kd3 Ke7 60. Ke3 Bc3 61. Kd3 Bb4 0-1


[Site "https://www.chess.com"]

[Event "Titled Tuesday Blitz May 16 Early 2023"]
[White "Zaksaite, Salomeja"]
[Black "Ezat, Mohamed"]
[WhiteFideId "12801496"]
[BlackFideId "10600906"]
[WhiteElo "2059"]
[BlackElo "2386"]
[Result "0-1"]
[Round "08"]
[TimeControl "180+2"]
[Date "2023.05.16"]
[WhiteClock "0:00:00"]
[BlackClock "0:00:04"]

1. e4 c6 2. d4 d5 3. exd5 cxd5 4. Bd3 Nc6 5. c3 Qc7 6. h3 g6 7. Nf3 Nh6 8. O-O Bf5 9. Be2 Bg7 10. Nbd2 O-O 11. Re1 f6 12. Nf1 Nf7 13. Ng3 Bd7 14. b4 a6 15. a4 Kh8 16. Qb3 Rad8 17. b5 Na5 18. Qb4 axb5 19. axb5 b6 20. Qxe7 Nb3 21. Rb1 Nxc1 22. Rbxc1 Nd6 23. Qe3 Bxb5 24. Qf4 Bxe2 25. Rxe2 Qc6 26. h4 Nf7 27. h5 Bh6 28. Qh4 Bxc1 29. hxg6 Nh6 30. Nf5 Rg8 31. Ne7 Qd6 32. Nxg8 Rxg8 33. gxh7 Kxh7 34. Qh5 Qf4 35. Re7+ Rg7 36. Rxg7+ Kxg7 37. Nh4 Qg4 38. Nf5+ Qxf5 0-1


[Site "https://www.chess.com"]

[Event "Titled Tuesday Blitz May 16 Early 2023"]
[White "Petrovic, Aleksa"]
[Black "rikchessmx"]
[WhiteFideId "967629"]
[WhiteElo "2309"]
[BlackElo "2249"]
[Result "1-0"]
[Round "08"]
[TimeControl "180+2"]
[Date "2023.05.16"]
[WhiteClock "0:01:19"]
[BlackClock "0:00:12"]

1. e4 c5 2. Nf3 e6 3. d4 cxd4 4. Nxd4 a6 5. Bd3 Qc7 6. O-O Nf6 7. Nc3 h5 8. h3 Bc5 9. Nb3 Ba7 10. Qf3 Ng4 11. hxg4 hxg4 12. Qf4 Qd8 13. Qg5 Qxg5 14. Bxg5 Nc6 15. Rae1 b5 16. Nd5 exd5 17. exd5+ Kf8 18. dxc6 dxc6 19. Be7+ Kg8 20. Bc5 Be6 21. Bxa7 Rxa7 22. Nc5 Re7 23. Bf5 Rh5 24. Nxe6 Rxf5 25. Nd4 Rxe1 26. Nxf5 Re5 27. Nd4 c5 28. Nb3 c4 29. Nd4 Re4 30. c3 g6 31. Rd1 f5 32. Kf1 Kf7 33. Re1 Rxe1+ 34. Kxe1 Kf6 35. Ke2 Ke5 36. Ke3 f4+ 37. Ke2 g5 38. f3 g3 39. b4 Kd5 40. Kd2 Ke5 41. Kc2 g4 42. fxg4 Ke4 43. g5 Ke3 44. g6 Kf2 45. g7 Kxg2 46. g8=Q f3 47. Qd5 1-0


[Site "https://www.chess.com"]

[Event "Titled Tuesday Blitz May 16 Early 2023"]
[White "mjelcic"]
[Black "Pham, Le Thao Nguyen"]
[BlackFideId "12401226"]
[WhiteElo "2248"]
[BlackElo "2286"]
[Result "0-1"]
[Round "08"]
[TimeControl "180+2"]
[Date "2023.05.16"]
[WhiteClock "0:00:40"]
[BlackClock "0:00:17"]

1. c4 c6 2. e4 e5 3. Nc3 d6 4. d3 g6 5. g3 Bg7 6. Bg2 Ne7 7. Nge2 O-O 8. O-O Nd7 9. Be3 h6 10. f4 f5 11. Qd2 Kh7 12. Rae1 Nf6 13. Kh1 Ng4 14. Bg1 Be6 15. b3 Qd7 16. d4 fxe4 17. dxe5 dxe5 18. Qxd7 Bxd7 19. Nxe4 Bf5 20. h3 Bxe4 21. Bxe4 Nf6 22. Bg2 e4 23. Bd4 Neg8 24. Nc3 Nh5 25. Bxg7 Nxg3+ 26. Kg1 Kxg7 27. Rf2 Rae8 28. Kh2 e3 29. Rc2 Nf5 30. Be4 Nd4 31. Rg2 Rxe4 32. Nxe4 Nf3+ 33. Kh1 Nxe1 34. Re2 Nd3 35. Rxe3 Nxf4 36. Nc5 b6 37. Nd7 Rd8 38. Ne5 c5 39. Nc6 Rd7 40. Kh2 g5 41. h4 Nf6 42. hxg5 Ng4+ 0-1


[Site "https://www.chess.com"]

[Event "Titled Tuesday Blitz May 16 Early 2023"]
[White "Kuchava, Ana"]
[Black "Pinto, Daniel"]
[WhiteFideId "13605348"]
[BlackFideId "3303144"]
[WhiteElo "2001"]
[BlackElo "2145"]
[Result "1-0"]
[Round "08"]
[TimeControl "180+2"]
[Date "2023.05.16"]
[WhiteClock "0:00:14"]
[BlackClock "0:00:05"]

1. d4 Nf6 2. Nf3 c5 3. d5 d6 4. c4 g6 5. Nc3 Bg7 6. e4 O-O 7. Bd3 e6 8. O-O exd5 9. cxd5 Re8 10. h3 b6 11. a4 Ba6 12. Bxa6 Nxa6 13. Re1 Nc7 14. Qd3 Nd7 15. Bf4 Qf6 16. Bg5 Ne5 17. Nxe5 Qxe5 18. Bh4 a6 19. Bg3 Qf6 20. e5 dxe5 21. d6 Rad8 22. Rad1 Ne6 23. Bxe5 Qh4 24. Bxg7 Kxg7 25. Qxa6 Nf4 26. Rxe8 Rxe8 27. d7 Rd8 28. Qxb6 Qg5 29. Qc6 Nxh3+ 30. Kf1 Nf4 31. a5 Qh5 32. Kg1 Qg5 33. Qf3 h5 34. a6 h4 35. Kh2 Ne6 36. Rd5 Qe7 37. a7 Nd4 38. Qe4 Qg5 39. Rxg5 1-0


[Site "https://www.chess.com"]

[Event "Titled Tuesday Blitz May 16 Early 2023"]
[White "agvania123"]
[Black "DubiousM0ves532"]
[WhiteElo "2241"]
[BlackElo "2428"]
[Result "0-1"]
[Round "08"]
[TimeControl "180+2"]
[Date "2023.05.16"]
[WhiteClock "0:00:26"]
[BlackClock "0:00:17"]

1. c4 Nf6 2. Nc3 c5 3. e4 d6 4. d3 g6 5. g3 Bg7 6. Bg2 O-O 7. Nge2 Nc6 8. O-O Rb8 9. f4 a6 10. h3 Ne8 11. a4 Nc7 12. Be3 b5 13. axb5 axb5 14. b3 bxc4 15. bxc4 Ne6 16. Rb1 Rxb1 17. Qxb1 Ned4 18. Qa2 Bd7 19. Kh2 Qa8 20. Ra1 Qxa2 21. Rxa2 Nb4 22. Ra7 Rd8 23. Bxd4 cxd4 24. Nd5 Nxd5 25. exd5 Bf5 26. Ra3 Rb8 27. Kg1 Rb1+ 28. Kf2 Rd1 29. Be4 Bxe4 30. dxe4 d3 31. Nc3 Bd4+ 32. Kf3 Rd2 33. g4 Kg7 34. Nb5 Bc5 35. Ra1 Rf2+ 36. Kg3 d2 37. Rd1 Re2 38. Nc3 Re3+ 39. Kf2 Rxc3+ 40. Ke2 Rxc4 41. Rxd2 Rxe4+ 42. Kf3 Re3+ 43. Kg2 Rc3 44. Rd1 Rc4 45. Rd2 Rxf4 46. Rd1 Rd4 47. Rxd4 Bxd4 48. Kf3 Bf6 49. Ke4 h6 50. Kf3 Kf8 51. Ke4 Ke8 52. Kd3 Kd7 53. Kc4 e6 54. Kb5 exd5 55. Kb4 Ke6 56. Kb3 Bh4 57. Kc2 g5 58. Kd3 f5 0-1


[Site "https://www.chess.com"]

[Event "Titled Tuesday Blitz May 16 Early 2023"]
[White "Kopczynski, Michal"]
[Black "Antonio, Jorge Carlos"]
[WhiteFideId "1124200"]
[BlackFideId "113190"]
[WhiteElo "2212"]
[BlackElo "2247"]
[Result "0-1"]
[Round "08"]
[TimeControl "180+2"]
[Date "2023.05.16"]
[WhiteClock "0:00:00"]
[BlackClock "0:00:14"]

1. e4 e5 2. Nf3 Nc6 3. Bb5 f5 4. d3 Nf6 5. Nc3 fxe4 6. dxe4 Bb4 7. Bg5 Bxc3+ 8. bxc3 O-O 9. O-O d6 10. h3 Qe8 11. Rb1 Qg6 12. Kh2 Nxe4 13. Bd2 Nxd2 14. Qxd2 Bxh3 15. gxh3 Rxf3 16. Qd5+ Qf7 17. Bc4 Na5 18. Qxf7+ Rxf7 19. Bxf7+ Kxf7 20. f4 e4 21. Rb5 b6 22. Rf5+ Kg6 23. Rg5+ Kf6 24. Rh5 h6 25. Rg1 Nc4 26. Rh4 Nd2 27. Kg2 Nf3 28. Rh5 Nxg1 29. Kxg1 c6 30. Kf2 d5 31. Ke3 a5 32. c4 Rd8 33. Kd4 c5+ 34. Ke3 d4+ 35. Kxe4 g6 36. Rxh6 Re8+ 37. Kf3 Re3+ 38. Kf2 Rc3 39. Rh8 Rxc4 40. Rb8 Rxc2+ 41. Kg3 Rb2 42. a4 d3 43. Kf3 c4 44. Ke3 Re2+ 45. Kf3 c3 46. Rxb6+ Kg7 47. Rc6 c2 48. Rc7+ Kh6 49. Rc6 Re1 0-1


[Site "https://www.chess.com"]

[Event "Titled Tuesday Blitz May 16 Early 2023"]
[White "Ankudinova, Yelena"]
[Black "Li, Hui"]
[WhiteFideId "13702114"]
[BlackFideId "15400310"]
[WhiteElo "1937"]
[BlackElo "1966"]
[Result "0-1"]
[Round "08"]
[TimeControl "180+2"]
[Date "2023.05.16"]
[WhiteClock "0:00:00"]
[BlackClock "0:00:07"]

1. c4 e6 2. Nc3 d5 3. cxd5 exd5 4. d4 Nf6 5. Bg5 c6 6. Qc2 Be7 7. e3 Nbd7 8. Nf3 O-O 9. Bd3 Re8 10. O-O Nf8 11. Ne5 Ng4 12. Bxe7 Qxe7 13. Nxg4 Bxg4 14. Rae1 Bh5 15. a3 Bg6 16. f3 Bxd3 17. Qxd3 Ng6 18. Kh1 Rad8 19. Re2 Qd6 20. b4 a5 21. Rb1 axb4 22. Rxb4 Ra8 23. Na4 b5 24. Nc5 Ne5 25. dxe5 Qxc5 26. Rc2 Qb6 27. Qc3 h6 28. g3 Ra6 29. Kg2 Qb8 30. f4 Qb7 31. Rcb2 d4 32. Qc5 dxe3 33. R4b3 Qa7 34. Qxa7 Rxa7 35. Rxe3 Rea8 36. Rc3 Ra6 37. Rbc2 g5 38. Rxc6 gxf4 39. gxf4 Rxc6 40. Rxc6 Rxa3 41. Rb6 Rb3 42. f5 Kg7 43. Kf2 b4 44. Rb7 Kf8 45. f6 Kg8 46. Rb8+ Kh7 0-1


[Site "https://www.chess.com"]

[Event "Titled Tuesday Blitz May 16 Early 2023"]
[White "Nastase, Robert-Paul"]
[Black "Quirke, Jeffrey"]
[WhiteFideId "1221175"]
[BlackFideId "2013029"]
[WhiteElo "2175"]
[BlackElo "2235"]
[Result "1-0"]
[Round "08"]
[TimeControl "180+2"]
[Date "2023.05.16"]
[WhiteClock "0:00:08"]
[BlackClock "0:00:00"]

1. e4 Nf6 2. Nc3 d5 3. e5 Nfd7 4. d4 c5 5. Nxd5 cxd4 6. Qxd4 Nc6 7. Qd1 Ndxe5 8. Bf4 e6 9. Ne3 Qxd1+ 10. Rxd1 Bd7 11. Be2 O-O-O 12. Nf3 Nxf3+ 13. Bxf3 Bb4+ 14. c3 Ba5 15. Nc4 Bc7 16. Nd6+ Bxd6 17. Bxd6 e5 18. O-O f6 19. b4 Be6 20. Bc5 Kc7 21. a4 b6 22. Be3 Bb3 23. Ra1 Rd3 24. Rfc1 f5 25. Be2 Rdd8 26. a5 Ra8 27. Bb5 f4 28. Bd2 Rhd8 29. Be1 a6 30. Bxc6 Kxc6 31. axb6 Kxb6 32. Ra5 Bc4 33. Rxe5 Re8 34. Rc5 Bb5 35. f3 Rac8 36. Bf2 Kb7 37. c4 Rxc5 38. Bxc5 Ba4 39. Bd6 1-0


[Site "https://www.chess.com"]

[Event "Titled Tuesday Blitz May 16 Early 2023"]
[White "Fernandez Siles, Luis"]
[Black "hsd2016"]
[WhiteFideId "2209420"]
[WhiteElo "2195"]
[BlackElo "2204"]
[Result "1-0"]
[Round "08"]
[TimeControl "180+2"]
[Date "2023.05.16"]
[WhiteClock "0:00:09"]
[BlackClock "0:00:02"]

1. e4 c5 2. Nf3 e6 3. c3 a6 4. d4 cxd4 5. cxd4 d5 6. e5 Nc6 7. Bd3 Nge7 8. Nc3 g6 9. h4 h5 10. Bg5 Bg7 11. Rc1 Qb6 12. Qd2 Bd7 13. O-O Nxd4 14. Bf6 Nxf3+ 15. gxf3 Bxf6 16. exf6 Nf5 17. Bxf5 gxf5 18. Rfe1 Rg8+ 19. Kh1 Qb4 20. f4 d4 21. a3 dxc3 22. Rxc3 Qb5 23. Qd6 Qc6+ 24. Rxc6 Bxc6+ 25. Kh2 1-0


[Site "https://www.chess.com"]

[Event "Titled Tuesday Blitz May 16 Early 2023"]
[White "Buchenau, Frank"]
[Black "Floresvillar Gonzalez, Luis Migu"]
[WhiteFideId "4604350"]
[BlackFideId "5100542"]
[WhiteElo "2157"]
[BlackElo "2040"]
[Result "1-0"]
[Round "08"]
[TimeControl "180+2"]
[Date "2023.05.16"]
[WhiteClock "0:00:28"]
[BlackClock "0:00:00"]

1. e4 d6 2. d4 Nf6 3. Nc3 g6 4. Nf3 Nc6 5. d5 Ne5 6. Nxe5 dxe5 7. Bb5+ Nd7 8. h4 h5 9. Bg5 Bg7 10. Qd2 Bf6 11. O-O-O a6 12. Bxd7+ Qxd7 13. Bxf6 exf6 14. f4 Qe7 15. d6 cxd6 16. Nd5 Qd8 17. f5 g5 18. g4 b5 19. hxg5 fxg5 20. Rxh5 Rxh5 21. gxh5 Bb7 22. h6 Bxd5 23. Qxd5 Rc8 24. h7 Ke7 25. f6+ Kxf6 26. Rf1+ Kg6 27. Qxf7+ 1-0


[Site "https://www.chess.com"]

[Event "Titled Tuesday Blitz May 16 Early 2023"]
[White "Dishman, Stephen"]
[Black "Fernandez Hernandez, Gerardo"]
[WhiteFideId "403024"]
[BlackFideId "2207400"]
[WhiteElo "2204"]
[BlackElo "2180"]
[Result "1-0"]
[Round "08"]
[TimeControl "180+2"]
[Date "2023.05.16"]
[WhiteClock "0:00:16"]
[BlackClock "0:00:00"]

1. c4 e5 2. g3 Nc6 3. Bg2 f5 4. Nc3 Nf6 5. e3 Bb4 6. Nd5 O-O 7. Ne2 d6 8. Nxb4 Nxb4 9. Qb3 c5 10. a3 Nc6 11. O-O Qb6 12. Qc3 Be6 13. Rb1 d5 14. cxd5 Bxd5 15. Bxd5+ Nxd5 16. Qc4 Rad8 17. Nc3 Na5 18. Nxd5 Nxc4 19. Nxb6 Nxb6 20. b3 Rd3 21. Bb2 e4 22. Bc3 Nd5 23. Be5 Rxd2 24. Rfd1 Rxd1+ 25. Rxd1 Rd8 26. b4 c4 27. Bd4 a6 28. Bb6 Rd7 29. Bc5 Kf7 30. a4 Ke6 31. a5 c3 32. Rc1 g5 33. Kf1 f4 34. gxf4 gxf4 35. exf4 Kf5 36. Ke1 Kxf4 37. Ke2 Kf5 38. Rb1 Rg7 39. Rd1 Ke6 40. Rd4 Ke5 41. Rc4 Rg1 42. Bd4+ Kd6 43. Bxc3 Rc1 44. Be5+ Kxe5 45. Rxc1 Nxb4 46. Rc7 Nc6 47. Rxb7 Nxa5 48. Rxh7 Nc4 49. Ra7 a5 50. h4 Kf4 51. h5 Kg5 52. Rh7 a4 53. Kd1 1-0


[Site "https://www.chess.com"]

[Event "Titled Tuesday Blitz May 16 Early 2023"]
[White "Tarnowska, Aleksandra"]
[Black "Fajdetic, Hrvoje"]
[WhiteFideId "1180967"]
[BlackFideId "14501945"]
[WhiteElo "1776"]
[BlackElo "2185"]
[Result "0-1"]
[Round "08"]
[TimeControl "180+2"]
[Date "2023.05.16"]
[WhiteClock "0:00:00"]
[BlackClock "0:01:08"]

1. e4 c5 2. Nf3 a6 3. c4 Nc6 4. d4 cxd4 5. Nxd4 g6 6. Nc3 Bg7 7. Nxc6 bxc6 8. h4 h5 9. Bd3 d6 10. Bg5 Nf6 11. O-O O-O 12. f4 Ng4 13. f5 Qb6+ 14. Kh1 Qxb2 15. Ne2 Qxa1 16. Bb1 Qe5 17. Bf4 Qc5 18. Qe1 Be5 19. g3 Rb8 20. Kg2 Rb2 21. Bd3 Bxf4 22. Rxf4 Qe3 23. Kh3 Qxd3 0-1


[Site "https://www.chess.com"]

[Event "Titled Tuesday Blitz May 16 Early 2023"]
[White "Mike24147"]
[Black "Kiseljova, Marya"]
[BlackFideId "4155009"]
[WhiteElo "2329"]
[BlackElo "1831"]
[Result "0-1"]
[Round "08"]
[TimeControl "180+2"]
[Date "2023.05.16"]
[WhiteClock "0:00:00"]
[BlackClock "0:00:08"]

1. c4 e5 2. Nc3 Bb4 3. Nd5 Bc5 4. e3 Nc6 5. Qg4 g6 6. a3 d6 7. Qg3 a5 8. h4 Nf6 9. Nxf6+ Qxf6 10. h5 Bf5 11. Nf3 O-O-O 12. h6 Kb8 13. Be2 d5 14. cxd5 Rxd5 15. Bc4 Rd7 16. O-O Bd3 17. Bxd3 Rxd3 18. b4 axb4 19. axb4 Bxb4 20. Bb2 Bd6 21. Qg4 Qe6 22. Qa4 Kc8 23. Qa8+ Nb8 24. Rfc1 Rb3 25. Bc3 Kd7 26. Qa4+ b5 27. Qa7 Nc6 28. Qa6 Ne7 29. Ng5 Qg4 30. Qa2 Rxc3 31. Rxc3 Qxg5 32. Qxf7 Qxh6 33. Rac1 e4 34. g3 Rf8 35. Qb3 Qg7 36. Qxb5+ Kd8 37. Qb8+ Kd7 38. Rxc7+ Bxc7 39. Rxc7+ Ke6 40. Qb6+ Kf7 41. Qd6 Re8 42. Qd5+ Kf8 43. Qxe4 Qf7 44. d4 Kg8 45. Qb7 Rf8 46. Rxe7 Qxf2+ 47. Kh1 Qf1+ 48. Kh2 Rf2+ 0-1


[Site "https://www.chess.com"]

[Event "Titled Tuesday Blitz May 16 Early 2023"]
[White "Winkels, Marcel"]
[Black "Karthik Sai Ch"]
[WhiteFideId "1003887"]
[BlackFideId "46649484"]
[WhiteElo "1900"]
[BlackElo "2003"]
[Result "0-1"]
[Round "08"]
[TimeControl "180+2"]
[Date "2023.05.16"]
[WhiteClock "0:00:00"]
[BlackClock "0:00:20"]

1. d4 Nf6 2. Nc3 d5 3. Bf4 a6 4. e3 c5 5. dxc5 e6 6. Nf3 Bxc5 7. Bd3 Nc6 8. e4 dxe4 9. Nxe4 Be7 10. Qe2 Nd5 11. Bg3 Qb6 12. O-O O-O 13. Neg5 h6 14. Ne4 Ncb4 15. Ne5 Nxd3 16. Qxd3 Nf6 17. Nc3 Qa5 18. Rfd1 Bb4 19. Qf3 Bxc3 20. bxc3 Qc5 21. Rd4 Nd5 22. Rd3 b5 23. Rad1 f6 24. Ng6 Rf7 25. Qg4 f5 26. Qh4 Bb7 0-1


[Site "https://www.chess.com"]

[Event "Titled Tuesday Blitz May 16 Early 2023"]
[White "Onslow, Alfie"]
[Black "MANOJ_MISHRA123"]
[WhiteFideId "436976"]
[WhiteElo "2114"]
[BlackElo "2168"]
[Result "0-1"]
[Round "08"]
[TimeControl "180+2"]
[Date "2023.05.16"]
[WhiteClock "0:00:00"]
[BlackClock "0:00:03"]

1. Nf3 Nf6 2. c4 g6 3. b3 Bg7 4. Bb2 O-O 5. g3 d6 6. d4 a5 7. Bg2 a4 8. O-O Bd7 9. b4 Nc6 10. a3 Re8 11. d5 Nb8 12. Nbd2 e5 13. e4 Nh5 14. Qc2 f5 15. Rfc1 Rf8 16. c5 Nf6 17. Qc4 fxe4 18. Nxe4 Nxe4 19. Qxe4 Bf5 20. Qc4 Na6 21. Nd2 Qd7 22. c6 Qc8 23. cxb7 Qxb7 24. Ne4 Bxe4 25. Bxe4 Nc5 26. bxc5 Qxb2 27. Qc2 Qd4 28. Rd1 Qxc5 29. Qxc5 dxc5 30. Rdc1 Rab8 31. Rxc5 Rb2 32. f3 Rf7 33. Ra5 g5 34. d6 Rd7 35. dxc7 Rxc7 36. Rxa4 h5 37. Rf1 Bf6 38. Ra6 Be7 39. Rg6+ Kf7 40. Rh6 Kg7 41. Rxh5 Ra7 42. h4 gxh4 43. gxh4 Rxa3 44. Rxe5 Bf6 45. Rf5 Bd4+ 46. Kh1 Raa2 47. Rg5+ Kh6 48. Rg6+ Kh5 49. Rg5+ Kxh4 50. Rg4+ Kh3 51. Rf2 Rxf2 0-1


[Site "https://www.chess.com"]

[Event "Titled Tuesday Blitz May 16 Early 2023"]
[White "Brown, Raehanna"]
[Black "Maung, Maung Kyaw Zaw Hein"]
[WhiteFideId "7402740"]
[BlackFideId "13001698"]
[WhiteElo "1655"]
[BlackElo "2019"]
[Result "1-0"]
[Round "08"]
[TimeControl "180+2"]
[Date "2023.05.16"]
[WhiteClock "0:01:04"]
[BlackClock "0:01:12"]

1. c4 e5 2. Nc3 Nf6 3. Nf3 Nc6 4. g3 Bc5 5. Bg2 O-O 6. O-O d6 7. h3 Be6 8. d3 Qd7 9. Kh2 a6 10. e4 Kh8 11. Nh4 Ng8 12. f4 exf4 13. gxf4 f5 14. Nd5 fxe4 15. dxe4 Bxd5 16. cxd5 Nce7 17. b3 Bd4 18. Qxd4 Rf7 19. Bb2 Raf8 20. Rf3 h6 21. Rg3 Nc8 22. Ng6+ Kh7 23. Nxf8+ 1-0


[Site "https://www.chess.com"]

[Event "Titled Tuesday Blitz May 16 Early 2023"]
[White "Rian, Kapriaga"]
[Black "Suduvasachmatai"]
[WhiteFideId "7103263"]
[WhiteElo "2311"]
[BlackElo "2126"]
[Result "1-0"]
[Round "08"]
[TimeControl "180+2"]
[Date "2023.05.16"]
[WhiteClock "0:02:26"]
[BlackClock "0:02:10"]

1. d4 d5 2. Nf3 Nf6 3. Bf4 Bf5 4. e3 e6 5. Ne5 c5 6. c3 Nbd7 7. Nd2 a6 8. Be2 cxd4 9. exd4 Be7 10. a4 O-O 11. g4 Nxe5 12. dxe5 Be4 13. exf6 Bxf6 14. Nxe4 dxe4 15. Qxd8 Raxd8 16. O-O e5 17. Be3 Be7 18. Rfd1 g6 19. g5 f5 20. gxf6 Bxf6 21. Rxd8 Rxd8 22. Rd1 Rxd1+ 23. Bxd1 Kf7 24. Bb3+ Ke7 25. Bd5 1-0


[Site "https://www.chess.com"]

[Event "Titled Tuesday Blitz May 16 Early 2023"]
[White "Mikhaylova, Irina"]
[Black "Hartikainen, Jarmo"]
[WhiteFideId "4109040"]
[BlackFideId "503134"]
[WhiteElo "1975"]
[BlackElo "2100"]
[Result "1-0"]
[Round "08"]
[TimeControl "180+2"]
[Date "2023.05.16"]
[WhiteClock "0:01:24"]
[BlackClock "0:00:00"]

1. d4 Nf6 2. Nf3 d5 3. c4 c6 4. cxd5 cxd5 5. Nc3 Nc6 6. Bf4 Bf5 7. e3 e6 8. Qb3 Bb4 9. Bb5 Qa5 10. Bxc6+ bxc6 11. O-O O-O 12. Bc7 Qxc7 13. Qxb4 Rfb8 14. Qa3 Nd7 15. Na4 Nb6 16. b3 Nxa4 17. Qxa4 f6 18. Rfc1 Rb6 19. Rc5 Rc8 20. Rac1 e5 21. h3 Be4 22. Nd2 exd4 23. Nxe4 dxe4 24. Qxd4 Qe7 25. R5c4 f5 26. Qc5 Qxc5 27. Rxc5 g6 28. g4 Kf7 29. gxf5 gxf5 30. Rxf5+ Ke6 31. Rh5 Rc7 32. Rc4 Rb5 33. Rxe4+ Kf6 34. Rf4+ Kg6 35. Rhh4 Rg5+ 36. Kh2 Rd7 37. Rc4 Rd6 38. Rhg4 c5 39. Kg3 Rxg4+ 40. hxg4 Rd2 41. Rxc5 Rxa2 42. Rc6+ Kg7 43. Rc7+ Kg6 44. b4 Rb2 45. Rxa7 Rxb4 46. Ra6+ Kg7 47. f4 Rb3 48. Kf3 Rb1 49. g5 Rf1+ 50. Ke4 Rg1 51. Ra7+ Kg6 52. Ra6+ Kg7 53. Kf5 Re1 54. Re6 Re2 55. e4 Kf8 56. Ra6 1-0


[Site "https://www.chess.com"]